 Dungeon Crawl Stone Soup version 0.29.1-1-gd02db6906a (webtiles) character file.

Game seed: 10675833397818470619

3740 Earthwalker the Covered (level 9, -4/79 HPs)
             Began as a Minotaur Fighter on Oct 13, 2022.
             Was a Believer of Okawaru.
             Killed from afar by a steam dragon (10 damage)
             ... with a ball of steam
             ... in a bailey.
             The game lasted 00:20:05 (9035 turns).

Earthwalker the Covered (Minotaur Fighter)          Turns: 9035, Time: 00:20:05

Health: -4/79      AC:  9    Str: 33    XL:     9   Next: 93%
Magic:  10/10      EV: 13    Int: 11    God:    Okawaru [**....]
Gold:   393        SH:  5    Dex: 11    Spells: 8/8 levels left

rFire   . . .      SeeInvis .   I - +1 war axe (elec)
rCold   . . .      Faith    .   c - +0 buckler
rNeg    . . .      Spirit   .   i - +5 leather armour "Tiuhaer" {Str+3}
rPois   .          Reflect  .   (helmet restricted)
rElec   .          Harm     .   y - scarf {shadows}
rCorr   .          Rampage  .   (no gloves)
Will    .....                   (no boots)
Stlth   ++........              (no amulet)
HPRegen 0.23/turn               N - +6 ring of strength
MPRegen 0.12/turn               J - +6 ring of intelligence

@: no status effects
A: horns 2, retaliatory headbutt
a: Renounce Religion, Heroism


You were in a bailey.
You worshipped Okawaru.
Okawaru was pleased with you.
You visited 2 branches of the dungeon, and saw 9 of its levels.
You also visited: Ossuary and Bailey.

You collected 393 gold pieces.

Inventory:

Hand Weapons
 a - a +0 war axe
 I - a +1 war axe of electrocution (weapon)
Missiles
 o - 29 poisoned darts (quivered)
 t - 4 atropa-tipped darts
 w - 6 javelins
 L - a curare-tipped dart
Armour
 b - a +0 scale mail
 c - a +0 buckler (worn)
 i - the +5 leather armour "Tiuhaer" (worn) {Str+3}
   (You found it on level 2 of the Dungeon)

   Str:       It affects your strength (+3).
 v - +0 acid dragon scales
 y - a scarf of shadows (worn)
Jewellery
 q - a ring of wizardry
 J - a +6 ring of intelligence (right hand)
 N - a +6 ring of strength (left hand)
Wands
 x - a wand of flame (34)
 M - a wand of paralysis (7)
 O - a wand of iceblast (7)
 R - a wand of mindburst (18)
Scrolls
 f - 6 scrolls of teleportation
 g - 2 scrolls of identify
 h - 2 scrolls of poison
 k - 4 scrolls of fog
 l - a scroll of torment {unknown}
 p - 3 scrolls of enchant weapon {unknown}
 u - 2 scrolls of amnesia {unknown}
 A - 2 scrolls of magic mapping
 C - 2 scrolls of blinking {unknown}
 E - 5 scrolls of noise
 G - a scroll of fear {unknown}
 P - 2 scrolls of vulnerability {unknown}
Potions
 d - 2 potions of might
 e - 3 potions of brilliance
 j - 5 potions of curing
 m - 13 potions of degeneration
 n - 2 potions of berserk rage
 r - 2 potions of cancellation
 s - 2 potions of haste
 z - 2 potions of heal wounds
 B - 3 potions of invisibility
 D - 4 potions of mutation
 F - 3 potions of flight
 H - 2 potions of attraction
 K - 2 potions of lignification
 Q - a potion of ambrosia {unknown}


   Skills:
 * Level 7.5 Fighting
 * Level 7.0 Axes
 + Level 3.4 Throwing
 * Level 7.5 Armour
 * Level 5.5 Dodging
 + Level 3.2 Stealth
 * Level 7.4 Shields
 + Level 3.4 Invocations
 + Level 3.0 Evocations


You had 8 spell levels left.
You didn't know any spells.
Your spell library contained the following spells:

 Spells                   Type           Power      Damage    Failure   Level
 Apportation              Tloc           0%         N/A       43%         1
 Necrotise                Necr           0%         1d4       43%         1
 Sting                    Tmut/Pois      0%         1d3       43%         1
 Poisonous Vapours        Pois/Air       0%         N/A       58%         2
 Olgreb's Toxic Radiance  Pois           0%         N/A       99%         4
 Summon Small Mammal      Summ           Unusable   N/A       N/A         1

Dungeon Overview and Level Annotations

Branches:
Dungeon (8/15)             Temple (1/1) D:7         Ossuary (visited)
 Bailey (1/1)
   Lair: D:8-11

Altars:
Ashenzari
Cheibriados
Dithmenos
Elyvilon
Fedhas
Gozag
Hepliaklqana
Kikubaaqudgha
Makhleb
Nemelex Xobeh
Okawaru
Qazlal
Sif Muna
Trog
Uskayaw
Vehumet
Wu Jian
Xom
Yredelemnul
Zin
The Shining One

Shops:
D:6 =


Innate Abilities, Weirdness & Mutations

You have a pair of horns on your head.
You reflexively headbutt those who attack you in melee.


Message History

You block the spriggan's attack.
You closely miss the spriggan. You slash the orc warrior! You hit the orc. x2
The orc warrior hits you with a +1 vorpal glaive!
You block the orc's attack. The orc hits you with a +0 dagger.
The orc barely misses you. The spriggan closely misses you.
You furiously retaliate!
You headbutt the spriggan!
Unknown command.
You barely miss the spriggan.
The spriggan is heavily wounded.
You slash the orc warrior!
Lightning courses through the orc warrior!
You barely miss the orc. You hit the orc.
You kill the orc!
The orc's corpse dissolves into shadows!
The orc warrior hits you with a +1 vorpal glaive.
The orc hits you but does no damage. The orc closely misses you.
You block the spriggan's attack. The orc warrior barely misses you.
The orc hits you with a +0 short sword. The orc misses you.
The orc closely misses you.
You slice the spriggan!! Lightning courses through the spriggan!
You kill the spriggan!
Okawaru accepts your kill.
The orc warrior dissolves into shadows!
The orc dissolves into shadows! x7
The gnoll dissolves into shadows! x2
Your Axes skill increases to level 7!
An ogre comes into view. It is wielding a +0 halberd.
Okay, then.
An ogre comes into view. It is wielding a +0 halberd.
The ogre shouts!
The ogre shouts!
The two-headed ogre hits you from afar with a +0 glaive!
* * * LOW HITPOINT WARNING * * *
The two-headed ogre hits you from afar with a +0 glaive!
* * * LOW HITPOINT WARNING * * *
A steam dragon comes into view.
The steam dragon moves out of view.
The steam dragon hisses angrily.
The steam dragon breathes steam at you. The ball of steam hits you!
You die...

#########
##.......##
##......O..##
##.§§DO~O....##
##.@##♣#~####..##
##.)#♣ .....
♣#..## #..#♣
.♣♣♣♣♣. ##..#
#..# . . #..#
#..# #..# #..#
#..# #..# #..#
#..# #O.# #..##
##..#


There were no monsters in sight!

Vanquished Creatures
  Prince Ribbit (D:7)
  A hornet (D:7)
  Grinder (D:3)
  4 spriggans (Bailey)
  5 water moccasins
  2 ogres
  5 centaurs
  A kobold brigand (D:7)
  A necrophage (D:7)
  2 bullfrogs
  3 killer bees (D:7)
  3 howler monkeys
  A centaur zombie (Ossuary)
  A crimson imp (D:7)
  6 hounds
  2 jellies
  2 human zombies (Ossuary)
  Ijyb (D:5)
  A gnoll bouda (D:7)
  4 iguanas
  5 orc wizards
  4 mummies (Ossuary)
  6 gnolls
  9 adders
  2 shadow imps
  3 dart slugs
  22 orcs
  3 ball pythons
  4 bats
  5 endoplasms
  3 giant cockroaches
  2 gnoll zombies (Ossuary)
  8 goblins
  9 hobgoblins
  9 jackals
  13 kobolds
  4 quokkas
  3 frilled lizards
  2 goblin zombies (Ossuary)
  An orc zombie (Ossuary)
  2 rats (D:3)
166 creatures vanquished.

Vanquished Creatures (others)
  A plant (D:7)
1 creature vanquished.

Grand Total: 167 creatures vanquished

Notes
Turn   | Place    | Note
-------+----------+-------------------------------------------
     0 | D:1      | Earthwalker the Minotaur Fighter began the quest for the
                  | Orb.
     0 | D:1      | Reached XP level 1. HP: 19/19 MP: 0/0
   175 | D:1      | Found a faded altar of an unknown god.
   599 | D:1      | Reached XP level 2. HP: 24/27 MP: 1/1
   997 | D:2      | Identified the +5 leather armour "Tiuhaer" {Str+3}
  1086 | D:2      | Reached XP level 3. HP: 33/33 MP: 2/2
  1388 | D:2      | Reached XP level 4. HP: 40/40 MP: 3/3
  1764 | D:3      | Reached skill level 1 in Dodging
  2093 | D:3      | Noticed Grinder
  2099 | D:3      | Reached XP level 5. HP: 36/47 MP: 4/4
  2121 | D:3      | Paralysed by Grinder for 3 turns
  2124 | D:3      | Killed Grinder
  2125 | D:3      | Reached skill level 1 in Throwing
  2125 | D:3      | Reached skill level 1 in Stealth
  2125 | D:3      | Reached skill level 1 in Invocations
  2125 | D:3      | Reached XP level 6. HP: 8/53 MP: 5/5
  2678 | D:3      | Found an ornate altar of the Wu Jian Council.
  2712 | D:4      | Reached skill level 1 in Evocations
  2925 | D:4      | Reached skill level 5 in Armour
  3016 | D:4      | Reached skill level 5 in Fighting
  3016 | D:4      | Reached skill level 5 in Shields
  3473 | D:4      | Reached XP level 7. HP: 61/61 MP: 7/7
  3798 | D:5      | Entered Level 5 of the Dungeon
  3835 | D:5      | Found a shadowy altar of Dithmenos.
  3951 | D:5      | Noticed Ijyb
  3960 | D:5      | Killed Ijyb
  3988 | D:5      | Found a sand-covered staircase.
  4045 | Ossuary  | Entered an ossuary
  4762 | D:5      | Found a white marble altar of Elyvilon.
  4902 | D:5      | Reached skill level 5 in Axes
  4902 | D:5      | Reached XP level 8. HP: 33/70 MP: 8/8
  5350 | D:6      | Found Nahixohu's Jewellery Shop.
  6413 | D:6      | Identified the +7 rapier of Disharmony {venom, rPois}
  6549 | D:7      | Noticed a hornet
  6556 | D:7      | Killed a hornet
  6759 | D:7      | Found a shimmering altar of Xom.
  6759 | D:7      | Found a burning altar of Makhleb.
  6789 | D:7      | Found a staircase to the Ecumenical Temple.
  6965 | Temple   | Entered the Ecumenical Temple
  7083 | Temple   | Became a worshipper of Warmaster Okawaru
  7202 | D:7      | Reached XP level 9. HP: 72/78 MP: 9/9
  7504 | D:7      | Found a hazy altar of Hepliaklqana.
  7505 | D:7      | Found a glowing golden altar of the Shining One.
  7510 | D:7      | Found a blossoming altar of Fedhas.
  7737 | D:7      | Noticed Prince Ribbit
  7746 | D:7      | Killed Prince Ribbit
  7746 | D:7      | Reached * piety under Okawaru
  8208 | D:7      | Reached skill level 5 in Dodging
  8824 | D:8      | Found a flagged portal.
  8839 | Bailey   | Entered a bailey
  8905 | Bailey   | Reached ** piety under Okawaru
  8989 | Bailey   | Noticed a two-headed ogre
  9017 | Bailey   | HP: 2/79 [two-headed ogre/+0 glaive (16)]
  9035 | Bailey   | Killed from afar by a steam dragon

Illustrated notes

Levels and vault maps discovered:
D:1:      dpeg_arrival_ternary, layout_basic, basic_ecumenical_altar,
          minmay_ruptured
D:2:      layout_basic, grunt_ministairs_8
D:3:      layout_loops_cross, pdpol_wu_jian_five_deadly_venoms, uniq_grinder
D:4:      layout_layer_cave, grunt_ministairs_13
D:5:      layout_basic, mainiacjoe_overflow_alcove_2,
          nicolae_dithmenos_shadow_blocks, nicolae_ossuary_entry_monument,
          uniq_ijyb
D:6:      layout_layer_cave, serial_shops, nicolae_stop_n_shop_1,
          serial_park_tiny_pond, dk_vineyard_1, kennysheep_big_empty_room
D:7:      layout_cave_pods, grunt_temple_overflow_champion_of_chaos,
          gammafunk_temple_overflow_forgotten, minmay_temple_entry_arrows,
          uniq_prince_ribbit1
D:8:      layout_gridville, enter_bailey_3, chequers_serial_rivers_micro_e,
          uniq_pikel
Temple:   nicolae_temple_figure_eight
Bailey:   bailey_polearm_enchanted_keep_hellmonk, bailey

Skill      XL: |  1  2  3  4  5  6  7  8  9 |
---------------+----------------------------+-----
Fighting       | 4 5 6 7 |  7.5
Axes           | 3 4 5 7 |  7.0
Armour         | 4 5 6 7 |  7.5
Shields        | 4 5 6 7 |  7.4
Dodging        | 1 2 3 4 5 |  5.5
Throwing       | 1 2 3 |  3.4
Stealth        | 1 2 3 |  3.2
Invocations    | 1 2 3 |  3.4
Evocations     | 1 2 3 |  3.0

Action                   |  1- 3 |  4- 6 |  7- 9 || total
-------------------------+-------+-------+-------++-------
Melee: War axe           |    51 |   107 |   237 ||   395
       Headbutt          |     3 |    13 |    46 ||    62
  Use: Scroll            |       |       |    14 ||    14
 Stab: Sleeping          |       |       |     3 ||     3
Armor: Scale mail        |     6 |       |       ||     6
       Leather armour    |    30 |    43 |   113 ||   186
Dodge: Dodged            |    36 |    74 |   149 ||   259
Block: Buckler           |    12 |    22 |    88 ||   122
